 Dungeon Crawl Stone Soup version 0.22-a0-159-g7ce444f (webtiles) character file.

739 Azzok the Fighter (level 7, -4/52 HPs)
             Began as a Gargoyle Berserker on Feb 9, 2018.
             Was a Priest of Trog.
             Slain by a gnoll
             ... wielding a +0 halberd
              (6 damage)
             ... on level 4 of the Dungeon.
             The game lasted 00:10:35 (3215 turns).

Azzok the Fighter (Gargoyle Berserker)              Turns: 3215, Time: 00:10:36

Health: -4/52      AC: 13    Str: 23    XL:     7   Next: 75%
Magic:  7/7        EV:  8    Int:  7    God:    Trog [***...]
Gold:   201        SH:  0    Dex:  9    Spells: 6/6 levels left

rFire    . . .     SeeInvis .   b - +1 short sword (venom)
rCold    . . .     Gourm    .   (no shield)
rNeg     + . .     Faith    .   l - +0 chain mail
rPois    ∞         Spirit   .   (no helmet)
rElec    +         Reflect  .   (no cloak)
rCorr    .         Harm     .   (no gloves)
MR       .....                  (no boots)
Stlth    ..........             (no amulet)
HPRegen  0.17/turn              (no ring)
MPRegen  0.10/turn              (no ring)

@: berserk cooldown, slowed, very slow
A: negative energy resistance 1, electricity resistance, unbreathing,
petrification resistance, rot immunity, AC +4
a: Berserk, Trog's Hand, Burn Spellbooks, Renounce Religion


You were on level 4 of the Dungeon.
You worshipped Trog.
Trog was most pleased with you.
You were near starving.

You visited 1 branch of the dungeon, and saw 4 of its levels.

You collected 201 gold pieces.

Inventory:

Hand Weapons
 a - a +0 falchion
 b - a +1 short sword of venom (weapon)
Missiles
 e - 21 arrows
Armour
 l - a +0 chain mail (worn)
Scrolls
 g - a scroll of teleportation
 k - a scroll of fear {unknown}
 n - 3 scrolls of identify
 o - a scroll of remove curse
 p - a scroll of amnesia {unknown}
 s - a scroll of enchant weapon
 t - a scroll of enchant armour {unknown}
Potions
 f - a potion of magic {unknown}
 h - 4 potions of curing {unknown}
 j - a potion of haste
 m - a potion of heal wounds {unknown}
 q - a potion of degeneration {unknown}
 r - 2 potions of cancellation {unknown}
 u - a potion of flight {unknown}
Books
 d - a book of Misfortune

   Spells                             Type                      Level
   a - Confusing Touch                Hexes                        1
   b - Confuse                        Hexes                        3
   c - Gell's Gravitas                Translocation                3
   d - Petrify                        Transmutation/Earth          4
   e - Metabolic Englaciation         Hexes/Ice                    5
   f - Yara's Violent Unravelling     Hexes/Transmutation          5
   Trog disapproves of the use of such an item.
Comestibles
 c - 7 rations
 i - a chunk of flesh


   Skills:
 + Level 9.7 Fighting
 - Level 2.6 Long Blades
 - Level 2.1 Armour
 - Level 1.5 Dodging


You had 6 spell levels left.
You didn't know any spells.

Dungeon Overview and Level Annotations

Branches:
Dungeon (4/15)
 Temple: D:4-7

Altars:
Okawaru


Innate Abilities, Weirdness & Mutations

You are resistant to torment.
Your stone body is resilient. (AC +4)
You are immune to poison.
You resist negative energy. (rN+)
You are resistant to electric shocks. (rElec)
You can survive without breathing.
You are immune to petrification.
You are immune to rotting.


Message History

Edmund hits you with a dire flail of protection.
* * * LOW HITPOINT WARNING * * *
You hit Edmund.
Edmund looks as sick as possible!
Edmund is severely wounded.
The gnoll hits you from afar with a halberd!
* * * LOW HITPOINT WARNING * * *
Edmund hits you but does no damage.
You hit Edmund.
Edmund looks as sick as possible!
Edmund is almost dead.
Edmund hits you with a dire flail of protection.
* * * LOW HITPOINT WARNING * * *
The gnoll barely misses you.
Your chain mail prevents you from hitting Edmund.
Edmund is almost dead.
Edmund closely misses you. The gnoll barely misses you.
Edmund barely misses you. The gnoll closely misses you.
You kill Edmund!
Trog accepts your kill.
The gnoll hits you from afar with a halberd.
You die...

·▒▒▒·······▒ ▒▒···▒▒
·▒▒▒···^···▒▒▒▒▒▒·▒▒▒·▒
··················▒ ▒·▒▒▒▒▒▒▒
▒▒▒▒·······▒▒▒▒▒▒·▒▒▒·▒·[)··▒
▒·······▒ ▒▒···▒▒··g··▒▒
▒·······▒▒▒▒▒▒▒▒▒▒▒ ·g·····
▒▒▒▒·▒▒▒·····▒ ·····▒
▒▒·····▒▒▒·▒▒▒▒▒▒▒·····▒
▒······▒ ▒·@·gg))····▒ ▒▒▒
▒·▒▒▒··▒▒▒·▒▒▒▒▒▒▒▒▒▒▒ ··▒
▒<▒ ▒······▒ ▒·▒ ▒·▒ ▒·▒▒▒▒▒▒
▒·▒ ▒>▒ ▒·▒ ▒·▒▒▒▒·▒ ▒·▒
▒······▒ ▒·▒ ▒▒▒▒▒▒▒▒ ▒·▒
▒▒▒▒▒▒▒▒▒▒·▒


You could see 2 gnolls.

Vanquished Creatures
  Sigmund (D:3)
  Edmund (D:4)
  The ghost of varam the Quickloader, an amateur GnWn (D:3)
  A scorpion (D:4)
  A howler monkey (D:4)
  An orc priest (D:4)
  An orc wizard (D:3)
  A centaur skeleton (D:4)
  A gnoll shaman (D:4)
  Terence (D:3)
  An iguana (D:4)
  2 gnolls (D:4)
  3 adders
  An adder skeleton (D:4)
  5 dart slugs
  2 leopard geckos (D:1)
  13 orcs
  3 ball pythons
  5 giant cockroaches
  4 goblins
  3 hobgoblins
  7 kobolds
  4 quokkas
  6 bats
  2 frilled lizards
  5 rats
76 creatures vanquished.

Notes
Turn   | Place    | Note
-------+----------+-------------------------------------------
     0 | D:1      | Azzok the Gargoyle Berserker began the quest for the Orb.
     0 | D:1      | Reached XP level 1. HP: 14/14 MP: 1/1
    97 | D:1      | Reached XP level 2. HP: 17/20 MP: 2/2
   186 | D:1      | Reached skill level 4 in Fighting
   515 | D:1      | Found an iron altar of Okawaru.
   771 | D:2      | Reached XP level 3. HP: 21/24 MP: 3/3
  1338 | D:2      | Reached skill level 5 in Fighting
  1344 | D:2      | Reached ** piety under Trog
  1525 | D:3      | Reached XP level 4. HP: 29/31 MP: 4/4
  1531 | D:3      | Noticed Terence
  1545 | D:3      | Killed Terence
  1556 | D:3      | Reached skill level 6 in Fighting
  1568 | D:3      | Reached XP level 5. HP: 22/36 MP: 5/5
  1766 | D:3      | Noticed Sigmund
  1776 | D:3      | Killed Sigmund
  1776 | D:3      | Reached skill level 7 in Fighting
  1776 | D:3      | Reached XP level 6. HP: 44/44 MP: 6/6
  1810 | D:3      | Noticed varam's ghost (amateur GnWn)
  1854 | D:3      | Killed varam's ghost
  1854 | D:3      | Reached skill level 8 in Fighting
  2450 | D:4      | Noticed a phantom
  2467 | D:4      | Reached XP level 7. HP: 50/50 MP: 7/7
  3027 | D:4      | Reached skill level 9 in Fighting
  3180 | D:4      | Noticed Edmund
  3194 | D:4      | Reached *** piety under Trog
  3211 | D:4      | HP: 1/51 [Edmund/dire flail of protection (5)]
  3213 | D:4      | Killed Edmund
  3215 | D:4      | Slain by a gnoll

Vault maps used:
D:1:      minmay_arrival_four_circles, okawaru_ov_weapons_minmay
D:3:      uniq_sigmund, uniq_terence
D:4:      uniq_edmund, uniq_ijyb

Skill      XL: |  1  2  3  4  5  6  7 |
---------------+----------------------+-----
Fighting       | 4 5 6 7 8 9 |  9.7
Long Blades    | |  2.6
Armour         | |  2.1
Dodging        | |  1.5

Action                   |  1- 3 |  4- 6 |  7- 9 || total
-------------------------+-------+-------+-------++-------
Melee: Falchion          |    11 |    34 |    33 ||    78
       Short sword       |   109 |   113 |    70 ||   292
Invok: Berserk           |       |     4 |     1 ||     5
  Use: Scroll            |     4 |     1 |       ||     5
       Potion            |       |     1 |       ||     1
  Eat: Chunk             |     2 |     6 |     3 ||    11
Armor: Animal skin       |     7 |       |       ||     7
       Chain mail        |    51 |   130 |    56 ||   237
Dodge: Dodged            |    58 |    98 |    39 ||   195
       Rpst.: Falchion   |     3 |     7 |     1 ||    11

Table legend:
 A = Spawn XP
 B = Non-spawn XP
 C = Spawn XP percentage of total XP
 D = Spawn monster count
 E = Non-spawn monster count
 F = Spawn count percentage of total count
 G = Total turns spent on level
                    A         B        C        D         E        F      G
               +---------+---------+-------+---------+---------+-------+---------
         Total |       0 |    1056 |   0.0 |       0 |      76 |   0.0 |  3215
               +---------+---------+-------+---------+---------+-------+---------
           D:1 |       0 |      33 |   0.0 |       0 |      15 |   0.0 |   759
           D:2 |       0 |      43 |   0.0 |       0 |      17 |   0.0 |   717
           D:3 |       0 |     480 |   0.0 |       0 |      26 |   0.0 |  1149
           D:4 |       0 |     500 |   0.0 |       0 |      18 |   0.0 |   590
               +---------+---------+-------+---------+---------+-------+---------
